 Dungeon Crawl Stone Soup version 0.23-a0-61-g4bf3f6c (webtiles) character file.

4 Mgcat the Chopper (level 1, 0/18 HPs)
             Began as a Hill Orc Warper on Aug 9, 2018.
             Slain by a gnoll
             ... wielding a +0 flail
              (3 damage)
             ... on level 1 of the Dungeon.
             The game lasted 00:00:18 (38 turns).

Mgcat the Chopper (Hill Orc Warper)                   Turns: 38, Time: 00:00:18

Health: 0/18       AC:  3    Str: 13    XL:     1   Next: 60%
Magic:  3/3        EV: 11    Int: 13    God:
Gold:   18         SH:  0    Dex: 10    Spells: 3/3 levels left

rFire    . . .     SeeInvis .   a - +0 hand axe
rCold    . . .     Gourm    .   (no shield)
rNeg     . . .     Faith    .   b - +0 leather armour
rPois    .         Spirit   .   (no helmet)
rElec    .         Reflect  .   (no cloak)
rCorr    .         Harm     .   (no gloves)
MR       .....                  (no boots)
Stlth    +.........             (no amulet)
HPRegen  0.06/turn              (no ring)
MPRegen  0.08/turn              (no ring)

@: no status effects
A: no striking features
a: no special abilities


You were on level 1 of the Dungeon.
You were not hungry.

You visited 1 branch of the dungeon, and saw 1 of its levels.

You collected 18 gold pieces.

Inventory:

Hand Weapons
 a - a +0 hand axe (weapon)
Missiles
 e - 5 tomahawks of dispersal {=f}
Armour
 b - a +0 leather armour (worn)
Scrolls
 d - a scroll of blinking {!r}
Potions
 c - 2 potions of flight {unknown}
Comestibles
 f - a ration


   Skills:
 - Level 2.4 Fighting
 + Level 3.2 Axes
 - Level 0.8 Throwing
 - Level 1.1 Armour
 - Level 1.5 Dodging
 - Level 1.5 Spellcasting
   Level 2.4 Translocations


You had 3 spell levels left.
You didn't know any spells.
Your spell library contained the following spells:

 Spells                   Type           Power        Failure   Level  Hunger
 Teleport Other           Tloc           #.......     36%         3    ####...
 Blink                    Tloc           N/A          19%         2    ###....
 Passage of Golubria      Tloc           N/A          77%         4    #####..
 Shroud of Golubria       Chrm/Tloc      #.........   30%         2    ###....
 Gell's Gravitas          Tloc           #.........   36%         3    ####...
 Lesser Beckoning         Tloc           #.........   36%         3    ####...


Dungeon Overview and Level Annotations

Branches:
Dungeon (1/15)

Altars:


Message History

Welcome, Mgcat the Hill Orc Warper.
The bosom of this dungeon contains the fabled artefact, the Orb of Zot.
Press ? for a list of commands and other information.
Found 2 yellow potions and 20 stones.
Found a staircase leading out of the dungeon.
Lua error: attempt to yield across metamethod/C-call boundary
Okay, then.
You don't know any spells.
Okay, then.
There is a dry fountain here.
c - 2 yellow potions
There is a fountain of clear blue water here.
You now have 18 gold pieces.
A bat comes into view.
You hit the bat.
You kill the bat!
No target in view!
No target in view!
No target in view!
A leopard gecko and a gnoll come into view.
You see here 2 scrolls labeled NOILIU NOP ECAONT.
A frilled lizard comes into view.
The frilled lizard hisses angrily.
The leopard gecko bites you.
You are too injured to fight recklessly!
You are too injured to fight recklessly!
You are too injured to fight recklessly!
You barely miss the leopard gecko. The leopard gecko misses you.
The leopard gecko barely misses you.
You barely miss the leopard gecko. You barely miss the gnoll.
The leopard gecko bites you. The gnoll hits you with a flail.
The frilled lizard hisses.
You barely miss the leopard gecko. You hit the gnoll but do no damage.
The leopard gecko bites you.
The frilled lizard hisses.
The gnoll misses you. The leopard gecko barely misses you.
You hit the leopard gecko.
The leopard gecko is almost dead.
You hit the gnoll. The gnoll hits you with a flail.
* * * LOW HITPOINT WARNING * * *
The leopard gecko bites you.
* * * LOW HITPOINT WARNING * * *
The frilled lizard misses you.
You hit the leopard gecko.
You kill the leopard gecko!
Your Axes skill increases to level 3!
You hit the frilled lizard.
You kill the frilled lizard!
You hit the gnoll but do no damage.
The gnoll is lightly wounded.
The gnoll hits you with a flail.
You die...

#. #.# ## #.##.# .#
##.##.# .# #.....# .#
#[....####.#
#......?...#
#..........##
#.....#g#...#
#.....#@#g..#
##########.....#.#...#
.......................
####.###########.##..###
............ #......
....⌠....... #.......
⌠.......⌠... #.#.#....
............ #..
..⌠...⌠...⌠.


You could see a gnoll.

Vanquished Creatures
  A leopard gecko (D:1)
  A bat (D:1)
  A frilled lizard (D:1)
3 creatures vanquished.

Notes
Turn   | Place    | Note
-------+----------+-------------------------------------------
     0 | D:1      | Mgcat the Hill Orc Warper began the quest for the Orb.
     0 | D:1      | Reached XP level 1. HP: 18/18 MP: 3/3
    32 | D:1      | HP: 4/18 [gnoll/flail (4)]
    36 | D:1      | Reached skill level 3 in Axes
    38 | D:1      | Slain by a gnoll

Vault maps used:
D:1:      dpeg_arrival_lava_temple_mockup

Skill      XL: |  1 |
---------------+----+-----
Axes           | 3 |  3.2
Fighting       | |  2.4
Throwing       | |  0.8
Armour         | |  1.1
Dodging        | |  1.5
Spellcasting   | |  1.5
Translocations | |  2.4

Action                   || total
-------------------------++-------
Melee: Hand axe          ||     8
Dodge: Dodged            ||     5

Table legend:
 A = Non-vault XP
 B = Vault XP
 C = Vault XP percentage of total XP
 D = Non-vault monster count
 E = Vault monster count
 F = Vault count percentage of total count
 G = Total turns spent on level
                 A         B        C        D         E       F
            +---------+---------+-------+---------+---------+-------
      Total |       6 |       0 |   0.0 |       3 |       0 |   0.0
            +---------+---------+-------+---------+---------+-------
        D:1 |       6 |       0 |   0.0 |       3 |       0 |   0.0
            +---------+---------+-------+---------+---------+-------

Vault maps used:
D:1:      dpeg_arrival_lava_temple_mockup

Table legend:
 A = Turns spent in this place as a percentage of turns spent in the entire game.
 B = Non-inter-level travel turns spent in this place as a percentage of non-inter-level travel turns spent in the entire game.
 C = Inter-level travel turns spent in this place as a percentage of turns spent in this place.
 D = Turns resting spent in this place as a percentage of non-inter-level travel turns spent in this place.
 E = Turns spent auto-exploring this place as a percentage of non-inter-level travel turns spent in this place.
 F = Non-inter-level travel turns spent in this place divided by the number of levels of this place that you've seen.
                   A       B       C       D       E      F
               +-------+-------+-------+-------+-------+----------------------
         Total | 100.0 | 100.0 |   0.0 |   0.0 |  57.9 |  38.0
       Dungeon | 100.0 | 100.0 |   0.0 |   0.0 |  57.9 |  38.0
               +-------+-------+-------+-------+-------+----------------------

Table legend:
 A = Kills in this place as a percentage of kills in entire the game.
 B = Kills by you in this place as a percentage of kills by you in the entire game.
 C = Kills by friends in this place as a percentage of kills by friends in the entire game.
 D = Other kills in this place as a percentage of other kills in the entire game.
 E = Experience gained in this place as a percentage of experience gained in the entire game.
 F = Experience gained in this place divided by the number of levels of this place that you have seen.
                   A       B       C       D       E      F
               +-------+-------+-------+-------+-------+----------------------
         Total | 100.0 | 100.0 |   N/A |   N/A | 100.0 |   6.0
       Dungeon | 100.0 | 100.0 |   N/A |   N/A | 100.0 |   6.0
               +-------+-------+-------+-------+-------+----------------------
